 Dungeon Crawl Stone Soup version 0.22-a0-379-ga9d99d62ad (webtiles) character file.

5866 MirrMurr the Spear-Bearer (level 10, -8/76 (77) HPs)
             Began as a Demonspawn Gladiator on Apr 28, 2018.
             Was an Elder of Yredelemnul.
             Mangled by a red devil
             ... wielding a +0 trident
             ... summoned by an obsidian statue
              (18 damage)
             ... on level 9 of the Dungeon.
             The game lasted 00:29:04 (9199 turns).

MirrMurr the Spear-Bearer (Demonspawn Gladiator)    Turns: 9199, Time: 00:29:05

HP:   -8/76 (77)    AC: 14    Str: 18    XL:     10   Next: 52%
MP:   12/12         EV:  9    Int: 10    God:    Yredelemnul [****..]
Gold: 436           SH: 10    Dex: 14    Spells: 9/9 levels left

rFire    . . .     SeeInvis .   a - +2 trident (freeze)
rCold    . . .     Gourm    .   t - +1 buckler {reflect}
rNeg     + . .     Faith    .   y - +0 chain mail
rPois    .         Spirit   .   f - +2 helmet
rElec    .         Reflect  +   x - +0 cloak
rCorr    .         Harm     .   (no gloves)
MR       .....                  (no boots)
Stlth    ..........             (no amulet)
HPRegen  0.22/turn              w - ring of positive energy
MPRegen  0.13/turn              (no ring)

@: no status effects
A: hooves 1, large bone plates 2, demonic guardian 2, nightstalker 2
a: Recall Undead Slaves, Injury Mirror, Animate Dead, Drain Life, Renounce
Religion


You were on level 9 of the Dungeon.
You worshipped Yredelemnul.
Yredelemnul was greatly pleased with you.
You were not hungry.

You visited 2 branches of the dungeon, and saw 10 of its levels.
You also visited: Sewer.

You collected 436 gold pieces.

Inventory:

Hand Weapons
 a - a +2 trident of freezing (weapon)
 b - a +1 hunting sling of velocity
 g - a +2 hunting sling of flaming
 J - a +0 blowgun
Missiles
 d - 4 throwing nets (quivered)
 e - 267 stones
 k - 26 poisoned needles
 p - 66 sling bullets
 q - 35 bolts
Armour
 f - a +2 helmet (worn)
 t - a +1 buckler of reflection (worn)
 x - a +0 cloak (worn)
 y - a +0 chain mail (worn)
Jewellery
 w - a ring of positive energy (left hand)
 F - an uncursed amulet of the gourmand {unknown}
Wands
 v - a wand of enslavement (12)
 D - a wand of iceblast (8)
 H - a wand of digging (14)
Scrolls
 i - a scroll of amnesia
 o - 3 scrolls of fog
 r - 5 scrolls of remove curse
 z - a scroll of blinking
 A - 3 scrolls of teleportation
 E - a scroll of fear
 I - 2 scrolls of identify
Potions
 h - 2 potions of brilliance {unknown}
 j - 4 potions of heal wounds
 l - 3 potions of berserk rage
 m - a potion of cancellation
 n - 4 potions of flight
 s - a potion of resistance
 u - 5 potions of lignification
 B - 4 potions of curing
 C - a potion of might
 G - a potion of mutation {unknown}
Comestibles
 c - 16 rations


   Skills:
 + Level 6.7 Fighting
 * Level 9.0 Polearms
 + Level 5.1(5.3) Slings
 - Level 1.7(3.7) Throwing
 + Level 5.7 Armour
 + Level 6.6 Dodging
 + Level 3.4 Invocations


You had 9 spell levels left.
You didn't know any spells.

Dungeon Overview and Level Annotations

Branches:
Dungeon (9/15)             Temple (1/1) D:4            Lair (0/6) D:9
    Orc: D:9-12

Altars:
Cheibriados
Elyvilon
Gozag
Okawaru
Qazlal
Ru
Sif Muna
Vehumet
Yredelemnul
The Shining One

Annotations:
D:9 3 runed doors, exclusion: obsidian statue


Innate Abilities, Weirdness & Mutations

You have large cloven feet.
You are mostly covered in large bone plates. (SH +6)
A demonic guardian rushes to your aid.
You are significantly more attuned to the shadows.


Message History

The obsidian statue's eyes glow briefly.
The obsidian statue attempts to bespell you!
You resist.
Your yak zombie gores the quasit but does no damage.
Your worker ant zombie bites the white imp.
The white imp dies!
You puncture the obsidian statue!
The obsidian statue is almost destroyed.
The sixfirhy hits you!
* * * LOW HITPOINT WARNING * * *
The sixfirhy shocks you!
* * * LOW HITPOINT WARNING * * *
You block the sixfirhy's attack.
The sixfirhy hits you but does no damage.
The quasit bites you but does no damage.
The quasit misses you. You block the quasit's attack.
Your howler monkey zombie hits the white imp.
The red devil hits you from afar with a trident!!
You die...
Your body rises from the dead as a mindless zombie.

..#.######.#...#+#.....# #...#
#...###,###...# #####
###.###,,,,,###.##
##...#,,,#+#,,,#[.# #######
#.Z.##,###.###,##.###......
#.Z.#,,#.....#,,#..##.#####
#######Z.##,##..3..##,##.##.#
.....ZZ..+,,+..385..+,,+.##.#
####.##..##,*#4.@ZZ#*,##.##.#
#.##...#.,#5ZZZ3#,.#...#.#
#.##...##.###.###.##.#.#.#
#Z##....#...#'#...#....#.#
####.##[.#.###.....###.#>.#.#
.Z...........###.###...#..#.#####
####.##..###...#'#...###>.#......
#.##..# #.#.Z..........#######
#.##..# #.....#######.##


You could see an obsidian statue, a sixfirhy, a ynoxinul, a red devil, a quasit,
a white imp, a friendly sixfirhy, 2 friendly yak zombies, a friendly worker ant
zombie, a friendly ogre zombie and a friendly howler monkey zombie.

Vanquished Creatures
  A two-headed ogre (D:8)
  Grinder (D:4)
  A hippogriff (D:9)
  3 yaks (D:9)
  2 hogs (D:7)
  A human (D:7)
  A water moccasin (D:8)
  An orc warrior (D:6)
  Purgy (Sewer)
  2 ice beasts
  A phantom (D:4)
  3 sky beasts
  A necrophage (D:7)
  4 ogres
  The ghost of dricus the Distorting Demonspawn, an amateur DsAK of Lugonu (D:3)
  2 centaurs
  A crocodile (D:9)
  3 bullfrogs
  Blork the orc (D:6)
  A scorpion (D:9)
  2 howler monkeys
  A centaur zombie (D:5)
  A crimson imp (D:6)
  A hound (D:8)
  2 orc priests
  3 iguanas
  3 worker ants
  5 orc wizards
  A worker ant zombie (D:8)
  Robin (D:3)
  8 gnolls
  10 adders
  A shadow imp (D:9)
  An ooze (D:3)
  3 adder skeletons
  3 worms
  2 dart slugs
  8 leopard geckos
  19 orcs
  7 giant cockroaches
  9 goblins
  10 hobgoblins
  13 jackals
  A quokka (D:5)
  A ball python (D:7)
  12 bats
  3 frilled lizards
  10 kobolds
  10 rats
183 creatures vanquished.

Vanquished Creatures (collateral kills)
  2 two-headed ogres (D:8)
  2 hogs (D:7)
  Eustachio (D:6)
  Duvessa (D:6)
  An orc warrior (D:8)
  An ice beast (D:6)
  A gnoll sergeant (D:6)
  A bullfrog (D:7)
  Dowan (D:6)
  3 wights (D:7)
  A bullfrog zombie (D:6)
  2 crimson imps
  2 hounds
  An orc priest (D:4)
  A jelly (D:6)
  An orc wizard (D:4)
  A centaur skeleton (D:7)
  A worker ant zombie (D:8)
  A gnoll (D:6)
  A worm (D:4)
  A leopard gecko (D:7)
  5 orcs
  3 goblins
  A quokka (D:7)
  A rat (D:2)
37 creatures vanquished.

Vanquished Creatures (others)
  3 flying skulls
  A centaur zombie (D:6)
  A hound zombie (D:8)
  A mummy (D:8)
  A scorpion zombie (D:9)
  A hobgoblin zombie (D:3)
  5 jackal zombies
  A kobold zombie (D:2)
  A leopard gecko zombie (D:3)
  4 orc zombies
19 creatures vanquished.

Grand Total: 239 creatures vanquished

Notes
Turn   | Place    | Note
-------+----------+-------------------------------------------
     0 | D:1      | MirrMurr the Demonspawn Gladiator began the quest for the Orb.
     0 | D:1      | Reached XP level 1. HP: 16/16 MP: 1/1
    77 | D:1      | Gained mutation: You are partially covered in large bone plates. (SH +4) [demonic ancestry]
    77 | D:1      | Reached XP level 2. HP: 22/22 MP: 2/2
   139 | D:1      | Reached skill level 3 in Polearms
   589 | D:2      | Gained mutation: A weak demonic guardian rushes to your aid. [demonic ancestry]
   589 | D:2      | Reached XP level 3. HP: 22/28 MP: 3/3
   627 | D:2      | Reached skill level 1 in Armour
  1301 | D:2      | Found a snail-covered altar of Cheibriados.
  1566 | D:2      | Reached XP level 4. HP: 34/34 MP: 4/4
  1607 | D:2      | Found a faded altar of an unknown god.
  1829 | D:2      | Became a worshipper of Yredelemnul the Dark
  1829 | D:2      | Reached * piety under Yredelemnul
  1937 | D:3      | Noticed Robin
  2265 | D:3      | Killed Robin
  2451 | D:3      | Reached ** piety under Yredelemnul
  2477 | D:3      | Gained mutation: You have large cloven feet. [demonic ancestry]
  2477 | D:3      | Reached XP level 5. HP: 40/40 MP: 2/5
  2486 | D:3      | Reached skill level 4 in Polearms
  2865 | D:3      | Your ally Robin died
  2896 | D:3      | Noticed dricus's ghost (amateur DsAK)
  2923 | D:3      | Killed dricus's ghost
  2923 | D:3      | Gained mutation: You are slightly more attuned to the shadows. [demonic ancestry]
  2923 | D:3      | Reached XP level 6. HP: 9/47 MP: 6/6
  3575 | D:3      | Found a sacrificial altar of Ru.
  3575 | D:3      | Found a stormy altar of Qazlal.
  3895 | D:4      | Noticed Grinder
  3914 | D:4      | Killed Grinder
  3928 | D:4      | Reached skill level 1 in Slings
  4038 | D:4      | Found a staircase to the Ecumenical Temple.
  4077 | Temple   | Entered the Ecumenical Temple
  4312 | D:4      | Gained mutation: You are mostly covered in large bone plates. (SH +6) [demonic ancestry]
  4312 | D:4      | Reached XP level 7. HP: 52/52 MP: 7/7
  4412 | D:4      | Reached skill level 5 in Polearms
  4428 | D:4      | Found an iron altar of Okawaru.
  4535 | D:5      | Entered Level 5 of the Dungeon
  4552 | D:5      | Found a glowing drain.
  4557 | Sewer    | Entered a sewer
  4592 | Sewer    | Noticed Purgy
  4603 | Sewer    | Killed Purgy
  4956 | D:5      | Found a basalt altar of Yredelemnul.
  5190 | D:5      | Found a radiant altar of Vehumet.
  5533 | D:5      | Gained mutation: A demonic guardian rushes to your aid. [demonic ancestry]
  5533 | D:5      | Reached XP level 8. HP: 48/60 MP: 8/8
  5870 | D:6      | Reached *** piety under Yredelemnul
  5981 | D:6      | Reached skill level 6 in Polearms
  6053 | D:6      | Found a deep blue altar of Sif Muna.
  6081 | D:6      | Noticed Blork the orc
  6099 | D:6      | Killed Blork the orc
  6123 | D:6      | Received a gift from Yredelemnul (3 flying skulls)
  6147 | D:6      | Noticed Dowan
  6155 | D:6      | Killed Dowan
  6163 | D:6      | Reached skill level 5 in Dodging
  6169 | D:6      | Noticed Duvessa
  6174 | D:6      | Killed Duvessa
  6412 | D:6      | Found a stormy altar of Qazlal.
  6500 | D:6      | Noticed Eustachio
  6502 | D:6      | Reached skill level 5 in Fighting
  6511 | D:6      | Killed Eustachio
  7010 | D:7      | Gained mutation: You are significantly more attuned to the shadows. [demonic ancestry]
  7010 | D:7      | Reached XP level 9. HP: 67/68 MP: 9/9
  7057 | D:7      | Got a translucent plate armour
  7058 | D:7      | Identified the cursed +0 plate armour of the Salmon {rF- rN+ Int+2 Dex+10} (You found it on level 7 of the Dungeon)
  7062 | D:7      | Identified a scroll of acquirement
  7081 | D:7      | Reached skill level 7 in Polearms
  7436 | D:7      | Found a white marble altar of Elyvilon.
  7449 | D:7      | Reached **** piety under Yredelemnul
  7803 | D:7      | Received a gift from Yredelemnul (a mummy)
  7974 | D:8      | Reached skill level 8 in Polearms
  7988 | D:8      | Reached skill level 5 in Armour
  8032 | D:8      | Received a gift from Yredelemnul (a wight)
  8044 | D:8      | Found a glowing golden altar of the Shining One.
  8124 | D:8      | Noticed a two-headed ogre
  8134 | D:8      | Killed a two-headed ogre
  8134 | D:8      | Reached skill level 1 in Invocations
  8144 | D:8      | Reached XP level 10. HP: 75/75 MP: 10/10
  8151 | D:8      | Noticed a two-headed ogre
  8158 | D:8      | Killed a two-headed ogre
  8224 | D:8      | Noticed a two-headed ogre
  8227 | D:8      | Killed a two-headed ogre
  8461 | D:9      | Found a staircase to the Lair.
  8532 | D:9      | Found a runed door.
  8548 | D:9      | Found a runed door.
  8559 | D:9      | Found a runed door.
  8570 | D:9      | Found a runed door.
  8683 | D:9      | Reached skill level 5 in Slings
  8776 | D:9      | Found an opulent altar of Gozag.
  8910 | D:9      | Reached skill level 9 in Polearms
  9186 | D:9      | Noticed an obsidian statue
  9193 | D:9      | Noticed a sixfirhy
  9199 | D:9      | Mangled by a red devil

Vault maps used:
D:1:      roderic_crop_circles_arrival_small
D:2:      cheibriados_altar_1, chequers_ecumenical_altar_lobes
D:3:      gammafunk_temple_overflow_elements, first_ration, uniq_robin
D:4:      minmay_temple_entry_metal_lava, okawaru_gym_becter, uniq_grinder
D:5:      old_standard_altar, lemuel_round_altar, portal_sewer_entry_e,
          kennysheep_generic_room_5
D:6:      led_sif_pool, grunt_qazlal_sundering, uniq_duvessa, uniq_eustachio,
          uniq_blork_the_orc
D:7:      overflow_temple_1_default, grunt_livestock
D:8:      tso_altar
D:9:      nicolae_gozag_cash_rules_everything_around_me, lair_entry_dummy,
          minmay_statue_crystal_thing
Temple:   oiseaux_autumnal_temple
Sewer:    sewer_big_baddie

Skill      XL: |  1  2  3  4  5  6  7  8  9 10 |
---------------+-------------------------------+-----
Polearms       | 3 4 5 6 8 9 |  9.0
Dodging        | 3 4 5 6 |  6.6
Armour         | 1 2 3 4 5 |  5.7
Fighting       | 3 4 5 6 |  6.7
Slings         | 1 2 3 4 5 |  5.1
Invocations    | 1 3 |  3.4
Throwing       | |  1.7

Action                   |  1- 3 |  4- 6 |  7- 9 | 10-12 || total
-------------------------+-------+-------+-------+-------++-------
Melee: Trident           |   136 |   176 |   423 |    90 ||   825
       Kick              |       |    21 |   115 |    33 ||   169
 Fire: Hunting sling     |       |    14 |    41 |    24 ||    79
Invok: Animate Remains   |       |    19 |     9 |       ||    28
       Animate Dead      |       |       |    13 |     7 ||    20
  Use: Scroll            |     2 |    10 |    11 |     2 ||    25
 Stab: Sleeping          |     1 |     1 |       |       ||     2
       Distracted        |       |       |     4 |       ||     4
  Eat: Chunk             |     2 |    15 |    16 |       ||    33
       Ration            |       |       |     1 |     2 ||     3
Armor: Leather armour    |    26 |    36 |       |       ||    62
       Ring mail         |       |     1 |    29 |       ||    30
       Chain mail        |       |       |   132 |    28 ||   160
Dodge: Dodged            |    57 |    96 |   104 |    19 ||   276
Block: Other             |    13 |    38 |       |       ||    51
       Buckler           |       |     9 |   171 |    30 ||   210
       Reflection        |       |     1 |     7 |       ||     8

Table legend:
 A = Spawn XP
 B = Non-spawn XP
 C = Spawn XP percentage of total XP
 D = Spawn monster count
 E = Non-spawn monster count
 F = Spawn count percentage of total count
 G = Total turns spent on level
                    A         B        C        D         E        F      G
               +---------+---------+-------+---------+---------+-------+---------
         Total |       0 |    8380 |   0.0 |       0 |     220 |   0.0 |  9199
               +---------+---------+-------+---------+---------+-------+---------
           D:1 |       0 |      37 |   0.0 |       0 |      23 |   0.0 |   550
           D:2 |       0 |     112 |   0.0 |       0 |      33 |   0.0 |  2176
           D:3 |       0 |     270 |   0.0 |       0 |      30 |   0.0 |   964
           D:4 |       0 |     442 |   0.0 |       0 |      18 |   0.0 |   883
           D:5 |       0 |     468 |   0.0 |       0 |      15 |   0.0 |  1163
           D:6 |       0 |    1259 |   0.0 |       0 |      31 |   0.0 |  1017
           D:7 |       0 |    1435 |   0.0 |       0 |      28 |   0.0 |   988
           D:8 |       0 |    2734 |   0.0 |       0 |      21 |   0.0 |   587
           D:9 |       0 |    1503 |   0.0 |       0 |      15 |   0.0 |   779
         Sewer |       0 |     120 |   0.0 |       0 |       6 |   0.0 |    90
               +---------+---------+-------+---------+---------+-------+---------
